 Dungeon Crawl Stone Soup version 0.31.0-32-g396128a36d (webtiles) character file.

Game seed: 10692654468881181761

123 monsoonserge the Ruffian (level 5, -2/34 HPs)
             Began as an Octopode Shapeshifter on Apr 12, 2024.
             Slain by a gnoll
             ... wielding a +0 flail
              (4 damage)
             ... on level 2 of the Dungeon.
             The game lasted 00:04:04 (2142 turns).

monsoonserge the Ruffian (Octopode Shapeshifter)    Turns: 2142, Time: 00:04:05

Health: -2/34      AC:  1    Str: 16    XL:     5   Next: 7%
Magic:  5/5        EV: 11    Int: 12    God:
Gold:   112        SH:  7    Dex: 11    Spells: 4/4 levels left

rFire   . .          .
                       - Unarmed
rCold   . . .        n - +0 kite shield
rNeg    . . .        (helmet currently unavailable)
rPois   .            (no amulet)
rElec   .            (no ring)
rCorr   .            (no ring)
SInv    .            (no ring)
Will    .....        (no ring)
Stlth   +++          (no ring)
HPRegen 0.25/turn    (no ring)
MPRegen 0.09/turn    (no ring)
                     (no ring)

%: no passive effects
@: brilliant, beast-form
A: beast (slay +2), almost no armour, amphibious, 8 rings, camouflage 1,
gelatinous body 1, (nimble swimmer 1), tentacles
a: Begin Untransformation


You were on level 2 of the Dungeon.
You were a hulking beast.
You visited 1 branch of the dungeon, and saw 3 of its levels.

You collected 112 gold pieces.

Inventory:

Missiles
 f - 12 boomerangs (quivered)
 m - a throwing net
Armour
 n - a +0 kite shield (worn)
Talismans
 b - a beast talisman
 c - a flux talisman
Scrolls
 d - a scroll of fear {unknown}
 e - 3 scrolls of identify {unknown}
 g - a scroll of teleportation {unknown}
 h - a scroll of brand weapon {unknown}
 i - 2 scrolls of poison {unknown}
 l - a scroll of immolation {unknown}
Potions
 a - a potion of lignification
 k - a potion of berserk rage {unknown}
 o - a potion of heal wounds {unknown}
 p - a potion of cancellation


   Skills:
 - Level 2.0 Fighting
 - Level 2.0 Dodging
 + Level 1.3 Stealth
 + Level 0.3 Shields
 * Level 4.6 Unarmed Combat
 - Level 3.5 Shapeshifting


You had 4 spell levels left.
You didn't know any spells.
Your spell library contained the following spells:

 Spells                   Type           Power      Damage    Failure   Level
 Ensorcelled Hibernation  Hex/Ice        0%         N/A       86%         2
 Hailstorm                Conj/Ice       0%         3d5       97%         3
 Passwall                 Erth           0%         N/A       97%         3
 Summon Ice Beast         Ice/Summ       0%         N/A       97%         3
 Swiftness                Air            0%         N/A       97%         3
 Volatile Blastmotes      Fire/Tloc      0%         2d10      97%         3
 Fulminant Prism          Conj/Alch      0%         3d5       100%        4
 Iskenderun's Mystic Bla  Conj/Tloc      0%         2d3       100%        4
 Sculpt Simulacrum        Ice/Alch       0%         N/A       100%        6


Dungeon Overview and Level Annotations

Branches:
Dungeon (3/15)

Altars:

Annotations:
D:3 1 runed translucent door, Consumeair16's ghost, amateur GnWn


Innate Abilities, Weirdness & Mutations

You are a hulking beast.
Your limbs bulge with bestial killing power. (Slay +2)
You cannot wear most types of armour.
You are amphibious.
You can wear up to eight rings at the same time.
Your skin changes colour to match your surroundings (Stealth+).
Your rubbery body absorbs attacks. (AC +1, EV +1)
((You are camouflaged when in or above water. (Stealth+)))
You have tentacles for arms and can constrict up to eight enemies at once.


Message History

The gnoll hits you with a +0 falchion.
The gnoll shouts!
You tentacle-slap the gnoll. You grab the gnoll.
The gnoll is lightly wounded.
You constrict the gnoll. The gnoll hits you with a +0 falchion!
The gnoll shouts!
You bludgeon the gnoll!
You tentacle-slap the gnoll, but do no damage.
The gnoll is almost dead.
You constrict the gnoll.
You kill the gnoll!
You have reached level 5!
You feel stronger. The gnoll hits you with a +0 flail.
There is a stone staircase leading up, spattered with blood here.
You climb upwards.
There is a stone staircase leading down here.
You start resting.
HP restored.
You climb downwards.
Level annotation: 1 runed translucent door, Consumeair16's ghost, amateur GnWn The gnoll hits you with a +0 flail!
You block the gnoll's attack.
There is a stone staircase leading up, spattered with blood here.
The gnoll barely misses you. The gnoll hits you with a +0 flail!
You climb upwards.
There is a stone staircase leading down here.
You barely miss the gnoll. You grab the gnoll. You constrict the gnoll.
The gnoll hits you with a +0 flail!
* * * LOW HITPOINT WARNING * * *
You block the gnoll's attack. The gnoll barely misses you.
The gnoll hits you with a +0 flail!
* * * LOW HITPOINT WARNING * * *
Unknown command.
It was a potion of cancellation.
You feel magically purged.
You constrict the gnoll. You block the gnoll's attack.
The gnoll barely misses you.
It was a potion of brilliance.
You feel clever all of a sudden.
You constrict the gnoll. The gnoll hits you with a +0 flail.
You die...

.......# .......# .......#
.......# .......# .......#
.......# .......###########
...............gh##
.......#######..g.# .#######
#....##### .#
######........#
.########.............#
).......'.............#
#########.....).......######
......................'....#
####...#########.#....####.#


You could see 2 gnolls.

Vanquished Creatures
  Jessica (D:2)
  A gnoll (D:3)
  4 adders (D:2)
  A dart slug (D:3)
  3 ribbon worms (D:2)
  5 ball pythons
  3 endoplasms
  2 giant cockroaches (D:2)
  6 goblins
  3 jackals (D:1)
  4 kobolds
  3 quokkas
  3 bats
  A frilled lizard (D:1)
  7 rats
47 creatures vanquished.

Notes
Turn   | Place    | Note
-------+----------+-------------------------------------------
     0 | D:1      | monsoonserge the Octopode Shapeshifter began the quest for
                  | the Orb.
     0 | D:1      | Reached XP level 1. HP: 13/13 MP: 1/1
   334 | D:1      | Reached skill level 1 in Stealth
   334 | D:1      | Reached XP level 2. HP: 18/18 MP: 2/2
   902 | D:2      | Reached XP level 3. HP: 19/24 MP: 3/3
  1110 | D:2      | Reached XP level 4. HP: 21/29 MP: 4/4
  1167 | D:2      | Reached skill level 4 in Unarmed Combat
  1380 | D:2      | Noticed Jessica
  1387 | D:2      | Killed Jessica
  1842 | D:3      | Found a runed translucent door.
  1843 | D:3      | Noticed Consumeair16's ghost (amateur GnWn)
  2060 | D:3      | Reached XP level 5. HP: 21/34 MP: 5/5
  2140 | D:2      | HP: 1/34 [gnoll/+0 flail (7)]
  2142 | D:2      | Slain by a gnoll

Illustrated notes

Levels and vault maps discovered:
D:1:      eino_arrival_tree_alley, layout_loops_corners
D:2:      layout_basic, uniq_jessica
D:3:      layout_basic, lemuel_coloured_pillars_altar, gammafunk_ghost_grave,
          kennysheep_generic_room_11

Skill      XL: |  1  2  3  4 |
---------------+-------------+-----
Stealth        | 1 |  1.3
Fighting       | 2 |  2.0
Unarmed Combat | 4 |  4.6
Dodging        | |  2.0
Shields        | |  0.3
Shapeshifting  | |  3.5

Action                     |  1- 3 |  4- 6 || total
---------------------------+-------+-------++-------
  Melee: Unarmed           |    53 |    34 ||    87
         Constrict         |    14 |    11 ||    25
         Tentacles         |    11 |     5 ||    16
         Punch             |     2 |     1 ||     3
    Use: Potion            |       |     2 ||     2
   Stab: Sleeping          |     8 |     1 ||     9
 Armour: Skin              |    11 |    18 ||    29
  Dodge: Dodged            |    25 |    19 ||    44
  Block: Kite shield       |       |    10 ||    10
